 Dungeon Crawl Stone Soup version 0.23.0-3-gf3c87f2df8 (webtiles) character file.

Game seed: 8644171287428138429

301 xedar the Grave Robber (level 6, -7/42 HPs)
             Began as a Vampire Necromancer on Feb 21, 2019.
             Was an Initiate of Yredelemnul.
             Mangled by a slave (8 damage)
             ... led by Pikel
             ... on level 5 of the Dungeon.
             The game lasted 00:47:28 (5974 turns).

xedar the Grave Robber (Vampire Necromancer)        Turns: 5974, Time: 00:47:28

Health: -7/42      AC:  6    Str:  7    XL:     6   Next: 14%
Magic:  6/11       EV: 13    Int: 19    God:    Yredelemnul [......]
Gold:   172        SH:  0    Dex: 15    Spells: 11/12 levels left

rFire    . . .     SeeInvis +   b - +0 short sword
rCold    . . .     Gourm    .   (no shield)
rNeg     + . .     Faith    .   a - +1 robe
rPois    .         Spirit   .   (no helmet)
rElec    .         Reflect  .   m - +0 cloak
rCorr    .         Harm     .   (no gloves)
MR       .....                  (no boots)
Stlth    ++........             (no amulet)
HPRegen  0.14/turn              g - ring of see invisible
MPRegen  0.12/turn              (no ring)

@: no status effects
A: rotting body, fangs 3, thin metallic scales 1, see invisible, mutation
resistance 1, unbreathing
a: Bat Form, Renounce Religion


You were on level 5 of the Dungeon.
You worshipped Yredelemnul.
Yredelemnul was noncommittal.
You were not thirsty.

You visited 1 branch of the dungeon, and saw 5 of its levels.

You collected 172 gold pieces.

Inventory:

Hand Weapons
 b - a +0 short sword (weapon)
 k - a +0 antimagic whip
 l - a +2 antimagic dagger
 q - a +2 vampiric spear
Missiles
 i - 4 silver tomahawks (quivered)
 o - a throwing net
Armour
 a - a +1 robe (worn)
 m - a +0 cloak (worn)
Jewellery
 g - a ring of see invisible (left hand)
Wands
 c - a wand of paralysis (7)
 e - a wand of iceblast (12)
 p - a wand of flame (11)
Scrolls
 d - a scroll of identify
 f - a scroll of remove curse
 j - 2 scrolls of enchant armour
 n - 2 scrolls of noise
Potions
 h - a potion of brilliance


   Skills:
 + Level 0.4 Fighting
 + Level 1.4 Short Blades
 + Level 2.5 Dodging
 + Level 3.3 Stealth
 + Level 3.8 Spellcasting
 + Level 6.5 Necromancy


You had 11 spell levels left.
You knew the following spells:

 Your Spells              Type           Power        Failure   Level  Hunger
a - Pain                  Necr           ####         1%          1    None

Your spell library contained the following spells:

 Spells                   Type           Power        Failure   Level  Hunger
 Animate Skeleton         Necr           N/A          1%          1    None
 Vampiric Draining        Necr           ####......   3%          3    ###....
 Animate Dead             Necr           N/A          10%         4    ####...
 Regeneration             Chrm/Necr      ###.......   11%         3    ###....


Dungeon Overview and Level Annotations

Branches:
Dungeon (5/15)
 Temple: D:4-7

Altars:
Trog
Xom
Yredelemnul

Annotations:
D:4 Kass's ghost, amateur VSNe
D:5 Pikel


Innate Abilities, Weirdness & Mutations

Your body is rotting away.
You thrive on raw meat.
You have razor-sharp teeth.
You have supernaturally acute eyesight. (SInv)
You can survive without breathing.
You are partially covered in thin metallic scales. (AC +2)
You are somewhat resistant to further mutation.


Message History

Casting: Pain (safe; 1% risk of failure)
Confirm with . or Enter, or press ? or * to list all spells.
Aiming: Pain (safe; 1% risk of failure)
Press: ? - help, Shift-Dir - straight line, f/p - slave
Aim: a slave, wearing a +0 animal skin (heavily wounded, chance to defeat MR: 84%) Pikel writhes in agony.
Pikel hits you with a +0 whip of flaming.
* * * LOW HITPOINT WARNING * * *
Pikel burns you.
* * * LOW HITPOINT WARNING * * *
The slave barely misses you.
Casting: Pain (safe; 1% risk of failure)
Confirm with . or Enter, or press ? or * to list all spells.
Aiming: Pain (safe; 1% risk of failure)
Press: ? - help, Shift-Dir - straight line, f - Pikel, p - slave
Aim: Pikel, wielding a +0 whip of flaming and wearing a +0 robe (lightly wounded, chance to defeat MR: 84%) Pikel writhes in agony.
The slave hits you!
You die...
Xom laughs nastily!
Yredelemnul claims you as an undead slave.

.,,,.......p.....................
.,**##....p...............###.##.
.,** #.....)..###'###...<.###.##[
.,,**#........#≈≈≈≈≈#.....#....#.
.,,,#....≈≈≈..#≈≈≈≈≈#............
.,*≈.#....≈...#≈≈≈≈≈#######....#.
.,*≈≈#........#≈≈≈≈≈# ####.).)#.
.,**≈h###..##.###p### #.......#.
h,,,.≈,,≈..,..##@p# #.........
.,,,,,,.≈.....pK.## #......#..
,,≈≈≈,,≈≈.....Z### #......#.W
,,,,≈,,≈,....#.* #........>
,,,,≈,≈≈,...,.,* #....##...
,,,,,≈≈,,..,..** #####*#...
,,,,,≈,,,.,..,* #...
,,,,,,,,,,...,* #...
,,,,,,,,,,,,,** #...


You could see Pikel, 3 slaves and a centaur skeleton.

Vanquished Creatures
  Jessica (D:2)
  An iguana (D:4)
  A worker ant (D:5)
  4 gnolls
  6 adders
  An adder skeleton (D:5)
  2 worms
  12 orcs
  5 bats
  4 giant cockroaches
  20 goblins
  8 hobgoblins
  2 jackals (D:3)
  2 quokkas
  5 frilled lizards
  2 gnoll zombies (D:3)
  12 kobolds
  A quokka zombie (D:5)
  15 rats
104 creatures vanquished.

Vanquished Creatures (collateral kills)
  An orc wizard (D:3)
  An orc (D:3)
2 creatures vanquished.

Grand Total: 106 creatures vanquished

Notes
Turn   | Place    | Note
-------+----------+-------------------------------------------
     0 | D:1      | xedar the Vampire Necromancer began the quest for the Orb.
     0 | D:1      | Reached XP level 1. HP: 13/13 MP: 3/3
   326 | D:1      | Reached XP level 2. HP: 19/19 MP: 3/5
   783 | D:1      | Reached skill level 5 in Necromancy
  1363 | D:2      | Reached XP level 3. HP: 11/24 MP: 2/6
  1597 | D:2      | Found a faded altar of an unknown god.
  1602 | D:2      | Became a worshipper of Xom the Capricious
  2151 | D:2      | Noticed Jessica
  2155 | D:2      | Killed Jessica
  2155 | D:2      | Reached XP level 4. HP: 27/30 MP: 4/8
  2424 | D:2      | XOM: cloud trail
  2472 | D:2      | XOM: noise
  2626 | D:3      | XOM: polymorph jackal -> goblin
  2628 | D:3      | XOM: harmless Erth miscast
  2798 | D:3      | XOM: cast spell 'Summon Mana Viper'
  2827 | D:3      | Reached skill level 1 in Short Blades
  2841 | D:3      | Reached XP level 5. HP: 26/35 MP: 4/9
  3052 | D:3      | Reached skill level 6 in Necromancy
  3062 | D:3      | XOM: smoke on damage
  3095 | D:3      | XOM: 2-stop teleportation journey
  3306 | D:3      | XOM: harmless Ice miscast
  3343 | D:3      | Gained mutation: Your muscles are strong. (Str +2) [potion
                  | of mutation]
  3343 | D:3      | Lost mutation: Your muscles are strong. (Str +2) [potion of
                  | mutation]
  3343 | D:3      | Gained mutation: You are partially covered in thin metallic
                  | scales. (AC +2) [potion of mutation]
  3343 | D:3      | Gained mutation: You are somewhat resistant to further
                  | mutation. [potion of mutation]
  3377 | D:3      | XOM: harmless Tloc miscast
  3591 | D:3      | Found a bloodstained altar of Trog.
  3591 | D:3      | Noticed an eye of draining
  3591 | D:3      | Noticed an eye of draining
  3610 | D:3      | XOM: potion effect (berserk rage)
  3655 | D:3      | XOM: summons friendly shadow imp
  3732 | D:3      | XOM: confuse monster(s)
  4032 | D:3      | Found a basalt altar of Yredelemnul.
  4040 | D:3      | Fell from the grace of Xom
  4040 | D:3      | Became a worshipper of Yredelemnul the Dark
  4520 | D:4      | Found a transporter.
  4544 | D:4      | Found a transporter.
  4576 | D:4      | Noticed Kass's ghost (amateur VSNe)
  5112 | D:5      | Entered Level 5 of the Dungeon
  5132 | D:5      | Reached XP level 6. HP: 34/41 MP: 7/11
  5895 | D:5      | Noticed a slave
  5896 | D:5      | Noticed a slave
  5896 | D:5      | Noticed a slave
  5897 | D:5      | Noticed Pikel
  5897 | D:5      | Noticed a slave
  5973 | D:5      | HP: 2/42 [Pikel/+0 whip of flaming (5)]
  5974 | D:5      | Mangled by a slave

Skill      XL: |  1  2  3  4  5 |
---------------+----------------+-----
Necromancy     | 5 6 |  6.5
Spellcasting   | 3 |  3.8
Short Blades   | 1 |  1.4
Fighting       | |  0.4
Dodging        | |  2.5
Stealth        | |  3.3

Action                   |  1- 3 |  4- 6 || total
-------------------------+-------+-------++-------
Melee: Short sword       |    29 |   154 ||   183
       Bite              |     3 |    16 ||    19
 Cast: Pain              |    51 |   116 ||   167
 Abil: End Transformatio |       |     1 ||     1
       Bat Form          |       |     1 ||     1
  Use: Potion            |     2 |     5 ||     7
       Scroll            |     1 |    11 ||    12
  Eat: Corpse            |     6 |    12 ||    18
Armor: Robe              |     1 |    39 ||    40
Dodge: Dodged            |    22 |   126 ||   148
